AoeStats
← Laiklik

Lombardia

509852558Analyzed
2v2 RM · 3d ago on Sep 28, 2026· 49m 49s· 4 players
Game mode
Random Map
Map size
Medium (4 player)
Population
200
Speed
Normal
Resources
Standard
Victory
Conquest
Starting age
Dark Age
Ending age
Imperial Age
RankedLock teamsTeams togetherTeam positionsShared explorationLock speedFull tech treeHidden civsTurbo modeCheats
Victory
Defeat
🇪🇸 Hindustanis · Spain
893
+18
🇩🇪 Danes · Germany
862
+20
🇹🇷 Magyars · Türkiye
946
-19
🇹🇷 Jurchens · Türkiye
941
-19
McBasil
7:33 Loom
9:55 Feudal Age
11:28 Double-Bit Axe
17:11 Castle Age
15:27 Horse Collar
19:27 Husbandry
24:15 Heavy Plow
28:03 Bloodlines
29:59 Wheelbarrow
31:03 Hand Cart
32:42 Scale Barding Armor
32:48 Forging
33:25 Bow Saw
33:14 Town Watch
34:56 Town Patrol
37:12 Chain Barding Armor
37:27 Iron Casting
37:34 Grand Trunk Road
37:27 Fletching
41:00 Imperial Age
39:42 Bodkin Arrow
39:44 Pikeman
40:24 Squires
40:51 Padded Archer Armor
40:43 Crossbowman
41:44 Thumb Ring
41:56 Leather Archer Armor
42:17 Heavy Camel Rider
45:21 Conscription
45:37 Hoardings
46:05 Caravan
46:08 Heavy Cavalry Archer
48:21 Siege Elephant
49:39 Plate Barding Armor
49:05 Bracer
49:35 Ring Archer Armor
50:05 Ballistics
50:45 Chemistry
Finarfin
10:20 Feudal Age
11:08 Double-Bit Axe
19:25 Castle Age
19:23 Gold Mining
23:28 Fletching
24:54 Wheelbarrow
26:59 Bodkin Arrow
29:58 Bow Saw
29:54 Padded Archer Armor
32:11 Hamask
38:57 Ballistics
39:19 Scale Mail Armor
40:47 Forging
40:41 Horse Collar
41:58 Hand Cart
41:39 Gambesons
41:59 Squires
46:57 Imperial Age
45:07 Iron Casting
46:50 Gold Shaft Mining
49:20 Chemistry
Laiklik
0:29 Loom
10:10 Feudal Age
18:57 Double-Bit Axe
18:54 Horse Collar
23:02 Stone Mining
25:47 Castle Age
24:08 Gold Mining
25:11 Wheelbarrow
25:03 Scale Barding Armor
25:12 Scale Mail Armor
24:34 Man-at-Arms
27:26 Wheelbarrow
26:15 Pikeman
28:25 Hand Cart
29:34 Light Cavalry
33:41 Bow Saw
33:53 Fletching
34:27 Chain Barding Armor
39:01 Bodkin Arrow
40:17 Chain Barding Armor
39:23 Elite Skirmisher
41:56 Gold Shaft Mining
41:55 Husbandry
46:38 Corvinian Army
46:59 Padded Archer Armor
49:36 Thumb Ring
direwolf6431
0:28 Loom
11:34 Feudal Age
17:14 Castle Age
16:46 Forging
16:41 Scale Barding Armor
16:36 Horse Collar
17:34 Bloodlines
18:39 Husbandry
25:06 Pikeman
25:47 Squires
25:33 Gambesons
29:31 Imperial Age
27:17 Scale Mail Armor
27:06 Double-Bit Axe
28:08 Pikeman
28:48 Squires
32:08 Elite Skirmisher
35:57 Halberdier
37:40 Wheelbarrow
38:28 Heavy Plow
39:27 Capped Ram
41:24 Chemistry
41:56 Hand Cart
42:01 Gambesons
41:37 Man-at-Arms
42:40 Siege Ram
44:31 Arson
45:24 Iron Casting
45:05 Chain Mail Armor
45:10 Chain Barding Armor
44:42 Fletching
44:52 Padded Archer Armor
48:12 Blast Furnace
Connection lost

Rejoining the realm…

Still unreachable

The connection could not be restored.

Session expired

The server has moved on; the page needs a fresh start.